 Dungeon Crawl Stone Soup version 0.22.0-38-g04b72b8 (webtiles) character file.

18975 Lew the Severer (level 12, -30/106 HPs)
             Began as a Minotaur Fighter on Aug 29, 2018.
             Was an Initiate of Gozag.
             Annihilated by Rupert
             ... wielding a +0 battleaxe of pain
              (39 damage)
             ... on level 12 of the Dungeon.
             The game lasted 00:20:09 (11675 turns).

Lew the Severer (Minotaur Fighter)                 Turns: 11675, Time: 00:20:09

Health: -30/106    AC: 12    Str: 26    XL:     12   Next: 32%
Magic:  9/9        EV: 15    Int:  5    God:    Gozag
Gold:   1926       SH: 14    Dex: 15    Spells: 11/11 levels left

rFire    + . .     SeeInvis .   y - +8 morningstar "Tair" {venom, rF+ rN++ Str+2 Dex+3}
rCold    . . .     Gourm    .   c - +1 shield
rNeg     + + .     Faith    .   b - +0 scale mail
rPois    .         Spirit   .   (helmet restricted)
rElec    .         Reflect  .   (no cloak)
rCorr    .         Harm     .   (no gloves)
MR       .....     Clarity  +   v - +2 pair of boots
Stlth    +.........             (no amulet)
HPRegen  0.27/turn              m - ring of stealth
MPRegen  0.11/turn              (no ring)

@: no status effects
A: retaliatory headbutt, horns 2, clarity, low mp 1
a: Potion Petition, Call Merchant, Bribe Branch, Renounce Religion


You were on level 12 of the Dungeon.
You worshipped Gozag.
Gozag was most pleased with you.
You were hungry.

You visited 2 branches of the dungeon, and saw 13 of its levels.

You collected 2301 gold pieces.
You spent 303 gold pieces at shops.
You paid 72 gold pieces to Gozag.

Inventory:

Hand Weapons
 a - a +0 war axe
 p - a +2 flail of holy wrath
 r - a +1 scimitar of flaming
 y - the +8 morningstar "Tair" (weapon) {venom, rF+ rN++ Str+2 Dex+3}
   (You bought it in a shop on level 11 of the Dungeon)

   It poisons the flesh of those it strikes.
   It affects your strength (+2).
   It affects your dexterity (+3).
   It protects you from fire.
   It greatly protects you from negative energy.
 B - the +8 trident of Innocence {pierce, rC+ Stlth+}
   (You found it on level 12 of the Dungeon)

   It inflicts extra damage upon your enemies.
   It protects you from cold.
   It makes you more stealthy.
Armour
 b - a +0 scale mail (worn)
 c - a +1 shield (worn)
 v - a +2 pair of boots (worn)
Jewellery
 m - a ring of stealth (left hand)
Wands
 u - a wand of flame (15)
Scrolls
 e - 7 scrolls of remove curse
 g - 4 scrolls of noise
 i - 3 scrolls of immolation
 j - 2 scrolls of enchant armour
 n - a scroll of amnesia
 q - 3 scrolls of fog
 t - a scroll of silence
 x - a scroll of blinking {unknown}
 z - a scroll of random uselessness {unknown}
Potions
 d - a potion of might
 h - 2 potions of haste
 k - 2 potions of curing
 l - 3 potions of heal wounds
 s - 3 potions of brilliance
 w - a potion of agility
 A - a potion of resistance
 C - a potion of lignification {unknown}
Miscellaneous
 o - a phial of floods
Comestibles
 f - 22 rations


   Skills:
 + Level 10.0 Fighting
 - Level 15.0(15.1) Axes
 + Level 3.9(10.8) Maces & Flails
 + Level 10.0 Armour
 + Level 9.6 Dodging
 + Level 10.0 Shields


You had 11 spell levels left.
You didn't know any spells.
Your spell library contained the following spells:

 Spells                   Type           Power        Failure   Level  Hunger
 Corona                   Hex            #......      90%         1    ##.....
 Summon Small Mammal      Summ           #...         90%         1    ##.....
 Call Imp                 Summ           #.......     97%         2    ###....
 Ensorcelled Hibernation  Hex/Ice        #.....       97%         2    ###....
 Call Canine Familiar     Summ           #.......     99%         3    ####...
 Confuse                  Hex            #.......     99%         3    ####...
 Dazzling Spray           Conj/Hex       #.....       99%         3    ####...
 Summon Guardian Golem    Hex/Summ       #.......     99%         3    ####...
 Tukima's Dance           Hex            #.......     99%         3    ####...
 Summon Ice Beast         Ice/Summ       #.......     100%        4    #####..
 Summon Lightning Spire   Summ/Air       #.......     100%        4    #####..


Dungeon Overview and Level Annotations

Branches:
Dungeon (12/15)            Temple (1/1) D:5            Lair (0/6) D:10
    Orc (0/2) D:11

Altars:
Ashenzari
Cheibriados
Dithmenos
Elyvilon
Fedhas
Gozag
Hepliaklqana
Kikubaaqudgha
Makhleb
Nemelex Xobeh
Okawaru
Qazlal
Ru
Sif Muna
Trog
Uskayaw
Vehumet
Wu Jian
Xom
Yredelemnul
Zin
The Shining One

Shops:
D:5 *   D:8 (   D:11 (

Portals:
Trove: D:10 (give 4 potions of resistance)

Annotations:
D:12 Rupert


Innate Abilities, Weirdness & Mutations

You reflexively headbutt those who attack you in melee.
You have a pair of horns on your head.
You possess an exceptional clarity of mind.
Your magical capacity is low. (-10% MP)


Message History

Rupert hits you with a battleaxe of pain.
You writhe in agony.
You hit Rupert but do no damage.
Rupert is severely wounded.
You block Rupert's attack.
You hit Rupert but do no damage.
Rupert is severely wounded.
Rupert hits you with a battleaxe of pain!!
You are too injured to fight recklessly!
You completely miss Rupert. You headbutt Rupert, but do no damage.
Rupert is severely wounded.
Rupert hits you with a battleaxe of pain!!
* * * LOW HITPOINT WARNING * * *
You writhe in agony.
* * * LOW HITPOINT WARNING * * *
Rupert hits you with a battleaxe of pain!
* * * LOW HITPOINT WARNING * * *
Rupert hits you with a battleaxe of pain!!!
You die...
Your body crumbles into a pile of gold.

.#.#≈#......#.#...##.#
...###..##..#.#.####.###
#.......##..#.#........#
.#.#..####.(..#..#######
.#.##.# ##......#
....#.########...#
.#...............#
.................#
.####.##########@# . #..
.......@.#
#####.########


You could see Rupert (berserk).

Vanquished Creatures
  Erica (D:8)
  2 two-headed ogres
  Sonja (D:11)
  An unseen horror (D:12)
  A cyclops (D:11)
  The ghost of Americanboy the Chopper, a novice MiFi of Okawaru (D:5)
  A gargoyle (D:11)
  A komodo dragon (D:10)
  A kobold demonologist (D:12)
  2 trolls (D:11)
  Grinder (D:6)
  A hornet (D:8)
  8 slime creatures (D:12)
  3 hippogriffs
  7 yaks
  A vampire (D:12)
  2 vampire mosquitoes (D:12)
  A steam dragon (D:10)
  Edmund (D:5)
  2 soldier ants
  Duvessa (D:6)
  2 orc warriors
  A sky beast (D:7)
  6 ice beasts
  2 phantoms
  2 eyes of draining
  2 black bears
  9 ogres
  8 centaurs
  2 big kobolds
  A bullfrog (D:8)
  Blork the orc (D:5)
  Dowan (D:6)
  3 scorpions
  7 killer bees
  4 wights (D:8)
  3 howler monkeys
  7 crimson imps
  3 bullfrog zombies
  2 quasits
  3 centaur zombies
  2 bullfrog skeletons
  4 jellies
  A centaur skeleton (D:10)
  8 hounds
  6 orc priests
  8 orc wizards
  7 iguanas
  6 worker ants
  A hound skeleton (D:5)
  7 gnolls
  A howler monkey skeleton (D:4)
  10 adders
  4 shadow imps
  8 oozes
  An adder zombie (D:5)
  4 worms
  A dart slug (D:1)
  A leopard gecko (D:6)
  31 orcs
  5 giant cockroaches
  6 goblins
  8 hobgoblins
  17 jackals
  13 kobolds
  3 quokkas
  A ball python (D:2)
  5 bats
  4 frilled lizards
  A jackal skeleton (D:5)
  A leopard gecko skeleton (D:6)
  A quokka skeleton (D:4)
  7 rats
292 creatures vanquished.

Vanquished Creatures (others)
  A plant (D:10)
1 creature vanquished.

Grand Total: 293 creatures vanquished

Notes
Turn   | Place    | Note
-------+----------+-------------------------------------------
     0 | D:1      | Lew the Minotaur Fighter began the quest for the Orb.
     0 | D:1      | Reached XP level 1. HP: 19/19 MP: 0/0
     3 | D:1      | Noticed an electric eel
     3 | D:1      | Noticed an electric eel
    80 | D:1      | Reached XP level 2. HP: 20/27 MP: 1/1
   596 | D:1      | Reached skill level 1 in Dodging
   678 | D:1      | Reached XP level 3. HP: 28/33 MP: 2/2
  1013 | D:2      | Reached skill level 3 in Axes
  1128 | D:2      | Reached XP level 4. HP: 39/40 MP: 3/3
  1943 | D:4      | Reached XP level 5. HP: 33/47 MP: 4/4
  2172 | D:4      | Found a snail-covered altar of Cheibriados.
  2417 | D:4      | Noticed an ogre
  2424 | D:4      | Killed an ogre
  2424 | D:4      | Reached skill level 5 in Fighting
  2424 | D:4      | Reached skill level 4 in Axes
  2424 | D:4      | Reached skill level 5 in Armour
  2424 | D:4      | Reached XP level 6. HP: 41/56 MP: 5/5
  2428 | D:4      | Reached skill level 5 in Shields
  3059 | D:4      | Found a sacrificial altar of Ru.
  3224 | D:5      | Entered Level 5 of the Dungeon
  3232 | D:5      | Found a shimmering altar of Xom.
  3269 | D:5      | Noticed Edmund
  3289 | D:5      | Killed Edmund
  3289 | D:5      | Reached skill level 5 in Axes
  3289 | D:5      | Reached XP level 7. HP: 42/61 MP: 6/6
  3393 | D:5      | Found a transporter.
  3620 | D:5      | Noticed Americanboy's ghost (novice MiFi)
  3640 | D:5      | Found a staircase to the Ecumenical Temple.
  3657 | Temple   | Entered the Ecumenical Temple
  3799 | Temple   | Became a worshipper of Gozag Ym Sagoz the Greedy
  4055 | D:5      | Reached skill level 6 in Axes
  4116 | D:5      | Noticed Blork the orc
  4123 | D:5      | Killed Blork the orc
  4123 | D:5      | Reached skill level 5 in Dodging
  4248 | D:5      | Found a transporter.
  4427 | D:5      | Found Lustrudun's Assorted Antiques.
  4777 | D:5      | Reached skill level 7 in Axes
  4859 | D:5      | Killed Americanboy's ghost
  4859 | D:5      | Reached skill level 8 in Axes
  4859 | D:5      | Reached XP level 8. HP: 44/68 MP: 7/7
  4859 | D:5      | Reached skill level 9 in Axes
  5058 | D:5      | Bought 3 scrolls labeled EBEAPP COEHUNK for 60 gold pieces
  5058 | D:5      | Bought a black potion for 18 gold pieces
  5075 | D:6      | Noticed Duvessa
  5075 | D:6      | Noticed Dowan
  5080 | D:6      | Killed Dowan
  5083 | D:6      | Killed Duvessa
  5095 | D:6      | Reached skill level 10 in Axes
  5458 | D:6      | Noticed a moth of wrath
  5550 | D:6      | Noticed Grinder
  5551 | D:6      | Paralysed by Grinder for 4 turns
  5562 | D:6      | Reached skill level 11 in Axes
  5567 | D:6      | Killed Grinder
  5567 | D:6      | Reached XP level 9. HP: 38/74 MP: 8/8
  5738 | D:6      | Found a bloodstained altar of Trog.
  5847 | D:7      | Reached skill level 12 in Axes
  6370 | D:7      | Found a basalt altar of Yredelemnul.
  6371 | D:7      | Found a glowing silver altar of Zin.
  6373 | D:7      | Found an iron altar of Okawaru.
  6373 | D:7      | Found a hazy altar of Hepliaklqana.
  6375 | D:7      | Found an ornate altar of the Wu Jian Council.
  6376 | D:7      | Found a sacrificial altar of Ru.
  6388 | D:7      | Reached skill level 13 in Axes
  6950 | D:8      | Reached skill level 14 in Axes
  6950 | D:8      | Reached XP level 10. HP: 86/86 MP: 9/9
  7284 | D:8      | Noticed a two-headed ogre
  7294 | D:8      | Killed a two-headed ogre
  7408 | D:8      | Reached XP level 11. HP: 86/94 MP: 10/10
  7496 | D:8      | Noticed Erica
  7508 | D:8      | Killed Erica
  7614 | D:8      | Found Erunuu's Weapon Emporium.
  7769 | D:8      | Found an iron altar of Okawaru.
  9103 | D:10     | Entered Level 10 of the Dungeon
  9340 | D:10     | Found a staircase to the Lair.
  9805 | D:10     | Found a portal to a secret trove of treasure.
  9815 | D:10     | Gained mutation: Your spells are a little easier to cast, but a little less powerful. [potion of mutation]
  9815 | D:10     | Gained mutation: You are somewhat resistant to further mutation. [potion of mutation]
  9815 | D:10     | Gained mutation: Your mind is acute. (Int +2) [potion of mutation]
  9816 | D:10     | Lost mutation: You are somewhat resistant to further mutation. [potion of mutation]
  9816 | D:10     | Gained mutation: Your muscles are strong. (Str +2) [potion of mutation]
  9816 | D:10     | Lost mutation: Your spells are a little easier to cast, but a little less powerful. [potion of mutation]
  9817 | D:10     | Lost mutation: Your muscles are strong. (Str +2) [potion of mutation]
  9817 | D:10     | Lost mutation: Your mind is acute. (Int +2) [potion of mutation]
  9817 | D:10     | Gained mutation: Your magical capacity is low. (-10% MP) [potion of mutation]
  9817 | D:10     | Gained mutation: You possess an exceptional clarity of mind. [potion of mutation]
 10234 | D:11     | Noticed Sonja
 10242 | D:11     | Killed Sonja
 10243 | D:11     | Reached skill level 15 in Axes
 10256 | D:11     | Found Quydeitu's Antique Weapon Shop.
 10266 | D:11     | Bought a scorched morningstar for 225 gold pieces
 10266 | D:11     | Identified the +8 morningstar "Tair" {venom, rF+ rN++ Str+2 Dex+3} (You bought it in a shop on level 11 of the Dungeon)
 10382 | D:11     | Found a blossoming altar of Fedhas.
 10480 | D:11     | Found a staircase to the Orcish Mines.
 10596 | D:12     | Noticed a two-headed ogre
 10602 | D:12     | Killed a two-headed ogre
 10602 | D:12     | Reached skill level 1 in Maces & Flails
 10674 | D:12     | Noticed a sixfirhy
 10715 | D:12     | Killed an unseen horror
 10731 | D:12     | Reached XP level 12. HP: 92/105 MP: 1/9
 11317 | D:12     | Reached skill level 10 in Armour
 11317 | D:12     | Reached skill level 10 in Shields
 11325 | D:12     | Reached skill level 10 in Fighting
 11589 | D:12     | Got an ancient trident
 11591 | D:12     | Identified the +8 trident of Innocence {pierce, rC+ Stlth+} (You found it on level 12 of the Dungeon)
 11659 | D:12     | Noticed Rupert
 11675 | D:12     | Annihilated by Rupert

Skill      XL: |  1  2  3  4  5  6  7  8  9 10 11 12 |
---------------+-------------------------------------+-----
Dodging        | 1 2 4 5 7 9 |  9.6
Armour         | 4 5 7 9 10 | 10.0
Shields        | 4 5 7 9 10 | 10.0
Fighting       | 4 5 7 9 10 | 10.0
Axes           | 3 4 5 8 11 14 15 | 15.0
Maces & Flails | 2 3 |  3.9

Action                   |  1- 3 |  4- 6 |  7- 9 | 10-12 || total
-------------------------+-------+-------+-------+-------++-------
Melee: War axe           |    72 |   131 |   254 |   319 ||   776
       Headbutt          |     5 |    22 |    61 |   125 ||   213
       Morningstar       |       |       |       |   150 ||   150
Evoke: Wand              |       |       |       |     2 ||     2
  Use: Scroll            |       |       |    15 |     6 ||    21
       Potion            |       |       |     4 |     6 ||    10
 Stab: Distracted        |       |       |     1 |     2 ||     3
  Eat: Chunk             |       |     7 |       |       ||     7
       Ration            |       |     1 |     3 |     4 ||     8
Armor: Scale mail        |    24 |    34 |    57 |    85 ||   200
Dodge: Dodged            |    22 |    32 |    78 |   164 ||   296
Block: Shield            |    33 |    71 |   127 |   248 ||   479
